 Dungeon Crawl Stone Soup version 0.16.1-12-gf5c4a84 (webtiles) character file.

10772 Magnus the Fighter (level 11, 0/96 HPs)
             Began as a Mummy Gladiator on Apr 9, 2015.
             Was a Follower of Ashenzari.
             Slain by a freezing wraith (8 damage)
             ... on level 10 of the Dungeon.
             The game lasted 01:39:20 (22779 turns).

Magnus the Fighter (Mummy Gladiator)               Turns: 22779, Time: 01:39:21

Health: 0/96       AC: -1    Str: 20    XL:     11   Next: 40%
Magic:  11/11      EV: 12    Int:  7    God:    Ashenzari [*.....]
Gold:   322        SH:  0    Dex: 13    Spells: 0 memorised, 10 levels left

rFire  . . .     SeeInvis .     a - +1 long sword (curse)
rCold  + . .     Clarity  .     z - +0 ring mail (curse)
rNeg   + + +     SustAb   .     (no shield)
rPois  ∞         Gourm    .     c - +2 helmet (curse)
rElec  .         Spirit   .     l - +0 cloak {MR+} (curse)
rCorr  +         Warding  .     (no gloves)
rMut   .         Stasis   .     (no boots)
MR     ++...                    w - amulet "Paikef" {rCorr +Fly} (curse)
Stlth  +.........               k - ring of fire (curse)
                                m - ring of protection from cold (curse)

@: corroded equipment, very resistant to hostile enchantments, very unstealthy
A: no food or potions, fire vulnerability, restore body, cold resistance 1,
negative energy resistance 3, poison resistance, torment resistance, unbreathing
a: Renounce Religion, Evoke Flight


You were on level 10 of the Dungeon.
You worshipped Ashenzari.
Ashenzari was aware of your devotion.
You were not hungry.

You visited 2 branches of the dungeon, and saw 11 of its levels.

You collected 407 gold pieces.
You spent 85 gold pieces at shops.

Inventory:

Hand weapons
 a - a cursed +1 long sword (weapon)
 h - a +1 dagger of flaming
Missiles
 b - 10 tomahawks (quivered)
Armour
 c - a cursed +2 helmet (worn)
 l - a cursed +0 cloak of magic resistance (worn)
 o - a +0 helmet of intelligence
 r - a +1 cloak
 z - a cursed +0 ring mail (worn)
Jewellery
 j - an uncursed ring of protection from cold
 k - a cursed ring of fire (right hand)
 m - a cursed ring of protection from cold (left hand)
 q - a cursed ring of teleportation
 w - the cursed amulet "Paikef" (around neck) {rCorr +Fly}
   (You found it on level 7 of the Dungeon)

   [amulet of resist corrosion]

   It protects you from acid and corrosion.
   It lets you fly.
   It has a curse placed upon it.
Magical devices
 n - a wand of heal wounds (0)
 t - a wand of cold (5)
 u - a wand of magic darts (22)
 y - a wand of invisibility (0)
 A - a wand of magic darts (0)
Scrolls
 d - 7 scrolls of identify
 e - 2 scrolls of noise
 f - 4 scrolls of amnesia
 g - a scroll of magic mapping
 p - a scroll of fog
 s - a scroll of curse armour
 v - 3 scrolls of recharging
 B - 3 scrolls of remove curse
Miscellaneous
 i - a stone of tremors


   Skills:
 + Level 12.5 Fighting
 + Level 11.0 Long Blades
 - Level 1.7 Throwing
 - Level 2.7 Dodging


You had 10 spell levels left.
You didn't know any spells.

Dungeon Overview and Level Annotations

Branches:
Dungeon (10/15) Temple (1/1) D:5 Lair (0/8) D:8 D:10 Orc: D:9-12

Altars:
Ashenzari
Dithmenos
Elyvilon
Fedhas
Nemelex Xobeh
Okawaru
Ru
Trog
Vehumet
Xom
Zin

Shops:
D:9 [(

Annotations:
D:9 Erolcha


Innate Abilities, Weirdness & Mutations

You do not eat or drink.
Your flesh is vulnerable to fire.
Your flesh is cold resistant.
You are immune to negative energy.
Your system is resistant to poisons.
You are immune to unholy pain and torment.
You can survive without breathing.


Message History

Read which item? (? for menu, Esc to quit)
Okay, then.
You slash the freezing wraith!
The freezing wraith is moderately damaged.
The freezing wraith barely misses you. The freezing wraith hits you!
You hit the freezing wraith but do no damage.
The freezing wraith is moderately damaged.
The freezing wraith closely misses you. The freezing wraith hits you!
* * * LOW HITPOINT WARNING * * *
You closely miss the freezing wraith.
The freezing wraith is moderately damaged.
The freezing wraith barely misses you. The freezing wraith hits you.
* * * LOW HITPOINT WARNING * * *
There is a stone staircase leading up here.
The freezing wraith hits you.
* * * LOW HITPOINT WARNING * * *
The freezing wraith freezes you! You resist.
* * * LOW HITPOINT WARNING * * *
The freezing wraith hits you!
You die...

####
#)@#######
###W.....# #
##.....# #
#....## #
#....# ##
#.#### ##.
#.#
#########..
#.#
#..........
#.#
##..######..


You could see a freezing wraith.

Vanquished Creatures
  Psyche (D:9)
  A gargoyle (D:10)
  A komodo dragon (D:10)
  2 trolls
  5 basilisks (D:10)
  10 yaks (D:10)
  Eustachio (D:9)
  2 hungry ghosts
  A hippogriff (D:9)
  A deep elf fighter (D:8)
  Edmund (D:4)
  Menkaure (D:4)
  3 porcupines (D:10)
  A spider (D:8)
  4 orc warriors
  4 ice beasts
  2 sky beasts
  A black bear (D:8)
  4 crocodiles
  A necrophage (D:9)
  7 phantoms
  A wasp (D:10)
  4 ogres
  2 centaurs
  Sigmund (D:2)
  Duvessa (D:7)
  2 boring beetles (D:8)
  8 giant frogs
  2 big kobolds
  Blork the orc (D:4)
  4 scorpions
  A water moccasin skeleton (D:10)
  6 killer bees
  3 wights (D:10)
  A crimson imp (D:5)
  Dowan (D:7)
  A centaur zombie (D:10)
  3 hounds
  6 jellies
  A giant frog zombie (D:8)
  2 orc priests (D:5)
  A centaur skeleton (D:8)
  8 orc wizards
  5 iguanas
  12 worker ants
  A killer bee zombie (D:6)
  Ijyb (D:3)
  A hound zombie (D:10)
  2 hound skeletons
  A mummy (D:9)
  A worker ant zombie (D:9)
  Robin (D:2)
  4 gnolls (D:3)
  20 adders
  4 river rats
  4 shadow imps
  A giant mite (D:2)
  2 worms
  2 adder skeletons (D:5)
  2 adder zombies
  3 oozes
  27 orcs
  3 bat skeletons
  A bat zombie (D:6)
  3 giant cockroaches
  17 goblins
  15 hobgoblins
  9 jackals
  19 kobolds
  3 quokkas
  21 bats
  9 giant geckos
  A giant gecko skeleton (D:6)
  6 giant newts
  2 giant spores
  3 kobold zombies (D:8)
  A quokka skeleton (D:5)
  A quokka zombie (D:9)
  27 rats
  2 rat skeletons (D:8)
  25 ballistomycetes
376 creatures vanquished.

Vanquished Creatures (others)
  A yak (D:10)
  A centaur (D:10)
  7 giant spores
  A kobold (D:5)
  4 ballistomycetes (D:10)
  2 bushes (D:10)
  2 fungi (D:8)
  6 plants (D:10)
24 creatures vanquished.

Grand Total: 400 creatures vanquished

Notes
Turn   | Place    | Note
--------------------------------------------------------------
     0 | D:1      | Magnus, the Mummy Gladiator, began the quest for the Orb.
     0 | D:1      | Reached XP level 1. HP: 16/16 MP: 1/1
     1 | D:1      | Noticed an electric eel
   227 | D:1      | Reached XP level 2. HP: 15/22 MP: 2/2
  1151 | D:2      | Reached XP level 3. HP: 26/28 MP: 3/3
  1225 | D:2      | Noticed Robin
  1240 | D:2      | Killed Robin
  1240 | D:2      | Reached skill level 3 in Long Blades
  1586 | D:2      | Reached XP level 4. HP: 31/35 MP: 4/4
  2003 | D:2      | Noticed Sigmund
  2104 | D:2      | Killed Sigmund
  2104 | D:2      | Reached XP level 5. HP: 39/42 MP: 5/5
  2921 | D:3      | Reached skill level 4 in Long Blades
  3399 | D:3      | Reached XP level 6. HP: 48/48 MP: 6/6
  3630 | D:3      | Noticed Ijyb
  3644 | D:3      | Killed Ijyb
  4149 | D:4      | Found a shadowy altar of Dithmenos.
  4248 | D:4      | Reached skill level 5 in Fighting
  4264 | D:4      | Noticed Menkaure
  4293 | D:4      | Killed Menkaure
  4293 | D:4      | Reached skill level 5 in Long Blades
  4293 | D:4      | Reached XP level 7. HP: 46/56 MP: 7/7
  4602 | D:4      | Noticed Edmund
  4622 | D:4      | Killed Edmund
  4712 | D:4      | Noticed Blork the orc
  4732 | D:4      | Killed Blork the orc
  4732 | D:4      | Reached skill level 6 in Fighting
  5208 | D:4      | Reached XP level 8. HP: 59/65 MP: 8/8
  5510 | D:5      | Entered Level 5 of the Dungeon
  5582 | D:5      | Reached skill level 7 in Fighting
  5719 | D:5      | Found a blossoming altar of Fedhas.
  5719 | D:5      | Found a glowing silver altar of Zin.
  6187 | D:5      | Found a staircase to the Ecumenical Temple.
  6197 | Temple   | Entered the Ecumenical Temple
  6203 | Temple   | Became a worshipper of Ashenzari the Shackled
  7496 | D:6      | Reached skill level 8 in Fighting
  7811 | D:6      | Found a radiant altar of Vehumet.
  7932 | D:6      | Found a bloodstained altar of Trog.
  8296 | D:6      | Found a sparkling altar of Nemelex Xobeh.
  8362 | D:7      | Identified the amulet "Paikef" {rCorr +Fly}
  8549 | D:7      | Noticed Dowan
  8590 | D:7      | Noticed Duvessa
  8947 | D:6      | Reached XP level 9. HP: 67/74 MP: 9/9
  9402 | D:7      | Killed Dowan
  9688 | D:7      | Killed Duvessa
 10640 | D:8      | Reached skill level 9 in Fighting
 13563 | D:8      | Reached skill level 10 in Fighting
 13593 | D:8      | Found a staircase to the Lair.
 14875 | D:8      | Reached XP level 10. HP: 70/85 MP: 10/10
 15435 | D:9      | Found Ifuebbaz's Weapon Boutique.
 15491 | D:9      | Noticed Eustachio
 15978 | D:9      | Killed Eustachio
 16041 | D:9      | Found Phaoch's Antique Armour Shoppe.
 16269 | D:9      | Noticed Erolcha
 16270 | D:9      | Paralysed by Erolcha for 7 turns
 16636 | D:9      | Noticed Psyche
 16644 | D:9      | Paralysed by Psyche for 2 turns
 16655 | D:9      | Killed Psyche
 17063 | D:9      | Reached skill level 11 in Fighting
 17592 | D:10     | Entered Level 10 of the Dungeon
 17690 | D:10     | Noticed a hill giant
 18463 | D:10     | Reached skill level 10 in Long Blades
 18649 | D:10     | Acquired Ashenzari's first power
 20402 | D:10     | Reached XP level 11. HP: 92/95 MP: 11/11
 20731 | D:10     | Reached skill level 12 in Fighting
 21576 | D:10     | Found a staircase to the Lair.
 22103 | D:9      | Bought an embroidered cloak for 85 gold pieces
 22779 | D:10     | Slain by a freezing wraith

Action                   |  1- 3 |  4- 6 |  7- 9 | 10-12 || total
-------------------------+-------+-------+-------+-------++-------
Melee: Long sword        |   129 |   216 |   924 |   837 ||  2106
Throw: Throwing net      |       |     5 |     4 |       ||     9
       Tomahawk          |       |       |    18 |    10 ||    28
Evoke: Wand              |       |       |    11 |     1 ||    12
  Use: Scroll            |     1 |    10 |    15 |     9 ||    35
 Stab: Held in net/web   |       |     3 |       |       ||     3
